 Dungeon Crawl Stone Soup version 0.27.1-1-g398f81649c (webtiles) character file.

Game seed: 7779179001436108412

637 nxtlvl the Grappler (level 7, -6/66 HPs)
             Began as a Troll Abyssal Knight on Sept 5, 2021.
             Was a Believer of Lugonu.
             Mangled by a wyvern (12 damage)
             ... on level 7 of the Dungeon.
             The game lasted 00:08:13 (1249 turns).

nxtlvl the Grappler (Troll Abyssal Knight)          Turns: 1249, Time: 00:08:13

Health: -6/66      AC:  4    Str: 21    XL:     7   Next: 25%
Magic:  7/7        EV:  9    Int: 10    God:    Lugonu [**....]
Gold:   196        SH:  0    Dex:  9    Spells: 6/6 levels left

rFire    . . .     SeeInvis .     - Unarmed
rCold    . . .     Faith    .   (no shield)
rNeg     . . .     Spirit   .   a - +0 robe
rPois    .         Reflect  .   (helmet restricted)
rElec    .         Harm     .   (no cloak)
rCorr    .         Rampage  .   (gloves unavailable)
Will     .....                  (boots unavailable)
Stlth    +.........             (no amulet)
HPRegen  1.21/turn              (no ring)
MPRegen  0.10/turn              (no ring)

@: no status effects
A: large, unfitting armour, claws 3, regeneration 1, shaggy fur 1, tough skin 1
a: Renounce Religion, Depart the Abyss, Bend Space


You were on level 7 of the Dungeon.
You worshipped Lugonu.
Lugonu was pleased with you.
You visited 1 branch of the dungeon, and saw 7 of its levels.
You visited the Abyss 1 time.

You collected 196 gold pieces.

Inventory:

Hand Weapons
 s - a +3 war axe of flaming
Missiles
 c - 37 sling bullets
 j - 7 poisoned darts
 n - 8 boomerangs
 r - 5 javelins
Armour
 a - a +0 robe (worn)
Scrolls
 d - a scroll of acquirement {unknown}
 e - a scroll of vulnerability {unknown}
 f - 2 scrolls of teleportation {unknown}
 g - a scroll of amnesia {unknown}
 i - 2 scrolls of enchant armour {unknown}
 m - 2 scrolls of identify {unknown}
 p - 2 scrolls of fog {unknown}
 t - a scroll of fear {unknown}
 v - a scroll of brand weapon {unknown}
Potions
 b - 2 potions of heal wounds {unknown}
 h - a potion of magic {unknown}
 k - a potion of experience {unknown}
 l - 2 potions of curing {unknown}
 o - 3 potions of brilliance {unknown}
 q - 2 potions of flight {unknown}
 u - a potion of might {unknown}


   Skills:
 - Level 2.4 Fighting
 - Level 1.9 Dodging
 * Level 8.2 Unarmed Combat
 - Level 1.5 Invocations


You had 6 spell levels left.
You didn't know any spells.
Your spell library was empty.

Dungeon Overview and Level Annotations

Branches:
Dungeon (7/15)
 Temple: D:4-7

Altars:
Dithmenos
Okawaru
Ru
Uskayaw
Wu Jian
The Shining One


Innate Abilities, Weirdness & Mutations

You are too large for most types of armour.
You have claws for hands.
Your natural rate of healing is unusually fast.
You are covered in fur. (AC +1)
You have tough skin. (AC +1)


Message History

The wyvern bites you! x2
You claw the wyvern!
The wyvern is moderately wounded.
The wyvern bites you.
You scratch the wyvern but do no damage.
The wyvern is moderately wounded.
The wyvern bites you!
You closely miss the wyvern.
The wyvern is moderately wounded.
The wyvern bites you!
You are too injured to fight recklessly!
You are too injured to fight recklessly!
You are too injured to fight recklessly!
You are too injured to fight recklessly!
You closely miss the wyvern.
The wyvern is moderately wounded.
The wyvern barely misses you. The wyvern bites you!
You barely miss the wyvern.
The wyvern is moderately wounded.
The wyvern barely misses you.
You scratch the wyvern.
The wyvern is heavily wounded.
The wyvern bites you!
* * * LOW HITPOINT WARNING * * *
You barely miss the wyvern.
The wyvern is heavily wounded.
The wyvern bites you.
* * * LOW HITPOINT WARNING * * *
You closely miss the wyvern.
The wyvern is heavily wounded.
The wyvern bites you!
* * * LOW HITPOINT WARNING * * *
The wyvern closely misses you.
You scratch the wyvern.
The wyvern is severely wounded.
The wyvern barely misses you.
You barely miss the wyvern.
The wyvern is severely wounded.
The wyvern bites you!
You die...

###.......#
#.........#
#.........#
#.......).#
#.........
####.......#
........l..#
.......@...#
.....##'####
... #.# .
#.# #.# #.#
#.# #.# #.#


You could see a wyvern.

Vanquished Creatures
  A black bear (D:4)
  A phantom (D:4)
  A bullfrog (D:6)
  A scorpion (D:6)
  An orc priest (D:6)
  A hound (D:4)
  A centaur skeleton (D:6)
  2 gnoll shamans (D:4)
  2 iguanas (D:6)
  A howler monkey zombie (D:7)
  An adder (D:3)
  8 gnolls
  A white imp (D:6)
  2 worms
  A dart slug (D:2)
  6 orcs
  4 endoplasms
  2 goblins
  5 hobgoblins
  2 quokkas (D:4)
  3 ball pythons
  A frilled lizard (D:3)
  A kobold (D:3)
  3 rats
52 creatures vanquished.

Notes
Turn   | Place    | Note
-------+----------+-------------------------------------------
     0 | Abyss:1  | nxtlvl the Troll Abyssal Knight began the quest for the
                  | Orb.
     0 | Abyss:1  | Reached XP level 1. HP: 22/22 MP: 1/1
    40 | Abyss:1  | Noticed a large abomination
    60 | D:1      | Escaped the Abyss
    81 | D:1      | Found a faded altar of an unknown god.
   176 | D:2      | Reached XP level 2. HP: 27/29 MP: 2/2
   262 | D:3      | Reached skill level 3 in Unarmed Combat
   315 | D:4      | Reached XP level 3. HP: 36/36 MP: 3/3
   349 | D:4      | Found an iron altar of Okawaru.
   349 | D:4      | Found an ornate altar of the Wu Jian Council.
   350 | D:4      | Found a hide-covered altar of Uskayaw.
   359 | D:4      | Reached skill level 4 in Unarmed Combat
   366 | D:5      | Entered Level 5 of the Dungeon
   382 | D:4      | Reached XP level 4. HP: 20/44 MP: 4/4
   405 | D:4      | Reached ** piety under Lugonu
   424 | D:4      | Reached skill level 5 in Unarmed Combat
   439 | D:4      | Found a shadowy altar of Dithmenos.
   457 | D:4      | Noticed a gnoll sergeant
   492 | D:3      | Found a sacrificial altar of Ru.
   775 | D:4      | Reached XP level 5. HP: 50/50 MP: 5/5
   777 | D:4      | Noticed a black bear
   785 | D:4      | Killed a black bear
   786 | D:4      | Reached skill level 6 in Unarmed Combat
   799 | D:4      | Noticed a phantom
   807 | D:4      | Killed a phantom
   808 | D:4      | Reached XP level 6. HP: 53/59 MP: 6/6
   934 | D:5      | Reached skill level 7 in Unarmed Combat
  1046 | D:6      | Found a glowing golden altar of the Shining One.
  1068 | D:6      | Reached XP level 7. HP: 58/66 MP: 7/7
  1164 | D:6      | Reached skill level 8 in Unarmed Combat
  1236 | D:7      | Noticed a wyvern
  1247 | D:7      | HP: 3/66 [wyvern (7)]
  1249 | D:7      | Mangled by a wyvern

Illustrated notes

Levels and vault maps discovered:
D:1:      eino_arrival_water_star, layout_basic,
          ebering_ecumenical_altar_abandoned
D:2:      layout_loops_ring, minmay_rat_gold_closets
D:3:      layout_loops_corners, hangedman_ru_absence, uniq_terence
D:4:      wander_river, layout_loops_cross, mainiacjoe_overflow_swirl,
          chequers_temple_overflow_statue_of_worship, lightli_minifort
D:5:      layout_cave_pods, cheibriados_altar_1, kennysheep_mini_moat,
          nicolae_qazlal_scattered_showers, minmay_temple_entry_water_ring,
          uniq_prince_ribbit1, uniq_ijyb
D:6:      layout_loops_cross, lemuel_tele_altar, uniq_eustachio
D:7:      layout_basic

Skill      XL: |  1  2  3  4  5  6  7 |
---------------+----------------------+-----
Unarmed Combat | 3 4 5 6 7 8 |  8.2
Fighting       | |  2.4
Dodging        | |  1.9
Invocations    | |  1.5

Action                   |  1- 3 |  4- 6 |  7- 9 || total
-------------------------+-------+-------+-------++-------
Melee: Unarmed           |    38 |    83 |    34 ||   155
       Punch             |     2 |     1 |       ||     3
 Stab: Sleeping          |       |       |     1 ||     1
Armor: Robe              |     7 |    12 |     3 ||    22
Dodge: Dodged            |    10 |    34 |    12 ||    56
